 Dungeon Crawl Stone Soup version 0.28.0-53-g5a82cb258f (webtiles) character file.

Game seed: 12419699008910314570

3641 Doot the Thaumaturge (level 9, -8/59 HPs)
             Began as a Demonspawn Fire Elementalist on May 27, 2022.
             Was a Priest of Cheibriados.
             Killed by the air
             ... invoked by Gastronok
              (20 damage)
             ... on level 8 of the Dungeon.
             The game lasted 00:15:58 (10279 turns).

Doot the Thaumaturge (DsFE)                        Turns: 10279, Time: 00:15:59

Health: -8/59      AC:  8    Str: 19 (22) XL:     9   Next: 88%
Magic:  16/21      EV: 20    Int: 26 (28) God:    Cheibriados [***...]
Gold:   423        SH:  4    Dex: 19 (20) Spells: 18/25 levels left

rFire   . . .      SeeInvis .   G - +2 dagger (venom)
rCold   . . .      Faith    .   y - +0 buckler
rNeg    . . .      Spirit   .   L - +2 leather armour of the Illusory Deaths {Str+6}
rPois   .          Reflect  .   (no helmet)
rElec   .          Harm     .   (no cloak)
rCorr   .          Rampage  .   t - +0 pair of gloves
Will    .....                   (no boots)
Stlth   ++........              B - amulet of magic regeneration
HPRegen 0.19/turn               x - +4 ring of evasion
MPRegen 0.57/turn               z - +4 ring of evasion

@: very slow
A: thin metallic scales 1, ignite blood 1, demonic touch 2
a: Renounce Religion, Bend Time, Temporal Distortion


You were on level 8 of the Dungeon.
You worshipped Cheibriados.
Cheibriados was most pleased with you.
You visited 2 branches of the dungeon, and saw 10 of its levels.

You collected 423 gold pieces.

Inventory:

Hand Weapons
 i - a +0 dagger
 l - a +0 spectral club
 u - a +1 dagger of venom
 G - a +2 dagger of venom (weapon)
Missiles
 w - 2 curare-tipped darts
 M - a throwing net
Armour
 a - a +0 robe
 m - a +1 ring mail of willpower
 t - a +0 pair of gloves (worn)
 y - a +0 buckler (worn)
 L - the +2 leather armour of the Illusory Deaths (worn) {Str+6}
   (You found it on level 7 of the Dungeon)

   Str:       It affects your strength (+6).
Jewellery
 e - an amulet of the acrobat
 j - a ring of resist corrosion
 x - a +4 ring of evasion (left hand)
 z - a +4 ring of evasion (right hand)
 B - an amulet of magic regeneration (around neck)
 O - a ring of poison resistance
Wands
 k - a wand of mindburst (27)
 E - a wand of iceblast (22)
 H - a wand of digging (7)
 N - a wand of flame (7)
Scrolls
 b - 5 scrolls of identify {unknown}
 c - 4 scrolls of fog {unknown}
 d - 2 scrolls of vulnerability {unknown}
 f - 2 scrolls of enchant armour {unknown}
 g - 2 scrolls of magic mapping {unknown}
 h - 2 scrolls of fear {unknown}
 o - a scroll of silence {unknown}
 r - a scroll of noise {unknown}
 A - 2 scrolls of immolation {unknown}
 C - a scroll of enchant weapon {unknown}
 D - a scroll of teleportation {unknown}
 F - 4 scrolls of amnesia {unknown}
Potions
 n - 2 potions of lignification {unknown}
 p - a potion of brilliance {unknown}
 q - a potion of curing
 s - a potion of heal wounds {unknown}
 v - 2 potions of degeneration
 I - a potion of flight {unknown}
 J - a potion of mutation {unknown}
 K - a potion of cancellation {unknown}


   Skills:
 + Level 1.0 Fighting
 + Level 1.1 Short Blades
 + Level 0.5 Maces & Flails
 + Level 1.0 Armour
 + Level 3.0 Dodging
 + Level 3.4 Stealth
 + Level 1.1 Shields
 + Level 8.8 Spellcasting
 + Level 2.5 Conjurations
 + Level 7.9 Fire Magic
 - Level 5.0 Invocations


You had 18 spell levels left.
You knew the following spells:

 Your Spells              Type           Power      Damage    Failure   Level
a - Foxfire               Conj/Fire      100%       2x1d9     1%          1
b - Scorch                Fire           100%       2d10      1%          2
c - Flame Wave            Conj/Fire      38%        2d9       10%         4

Your spell library contained the following spells:

 Spells                   Type           Power      Damage    Failure   Level
 Conjure Flame            Conj/Fire      38%        6-21      3%          3
 Inner Flame              Hex/Fire       32%        N/A       4%          3
 Corpse Rot               Necr/Air       22%        N/A       13%         2
 Poisonous Vapours        Pois/Air       22%        N/A       13%         2
 Gell's Gravitas          Tloc           11%        N/A       26%         3
 Teleport Other           Tloc           11%        N/A       26%         3
 Dispersal                Tloc           5%         N/A       100%        6


Dungeon Overview and Level Annotations

Branches:
Dungeon (9/15)             Temple (1/1) D:4
   Lair: D:8-11         Orc: D:9-12

Altars:
Ashenzari
Cheibriados
Dithmenos
Elyvilon
Fedhas
Gozag
Hepliaklqana
Kikubaaqudgha
Nemelex Xobeh
Okawaru
Qazlal
Sif Muna
Trog
Vehumet
Wu Jian
Xom
Yredelemnul
Zin
The Shining One

Shops:
D:1 !   D:5 [

Annotations:
D:8 Gastronok


Innate Abilities, Weirdness & Mutations

You are partially covered in thin metallic scales. (AC +2)
Your demonic aura sometimes causes spilled blood to erupt in flames.
Your touch may inflict irresistible damage on your foes.


Message History

There is a stone staircase leading down here.
You climb downwards.
There is a stone staircase leading up here.
There is a stone staircase leading down here.
You climb downwards.
There is a stone staircase leading up here.
There is a stone staircase leading down here.
You climb downwards.
Level annotation: Gastronok
There is a stone staircase leading up here.
Gastronok waves his eye-stalks in wide circles.
The air twists around and strikes you!
You start resting.
Gastronok is nearby!
Flames lash Gastronok.
Gastronok is lightly wounded.
Gastronok's fire resistance burns away.
Flames lash Gastronok.
Gastronok is burned terribly!
Gastronok is lightly wounded.
Flames lash Gastronok.
Gastronok is burned terribly!
Gastronok is moderately wounded.
Flames lash Gastronok.
Gastronok is burned terribly!
Gastronok is moderately wounded.
Gastronok waves his eye-stalks in wide circles.
The air twists around and strikes you!
Flames lash Gastronok.
Gastronok is burned terribly!
Gastronok is moderately wounded.
Flames lash Gastronok.
Gastronok is burned terribly!
Gastronok is heavily wounded.
Gastronok bites you!!!
Ouch! That really hurt!
* * * LOW HITPOINT WARNING * * *
Unknown command.
You take on a slight green cast.
It was a potion of degeneration.
There was something very wrong with that liquid.
You feel weakened.
You feel dopey.
You feel clumsy.
Gastronok waves his eye-stalks in wide circles.
The air twists around and strikes you!!
You die...

### #####
#.#####.#.#
#.@.....#.#
#.#####.#.#
#.#.......#
#w##.##.#.#####
#....##[#....<#
.#####.)[.######
.......[..# #
(#####(...## #
#...w.# #######


You could see Gastronok (combustible).

Vanquished Creatures
  A two-headed ogre (D:4)
  Grinder (D:6)
  Sigmund (D:5)
  A wraith (D:8)
  Menkaure (D:6)
  A water moccasin (D:6)
  An orc warrior (D:7)
  A hornet zombie (D:6)
  An ogre (D:6)
  A centaur (D:5)
  A kobold brigand (D:6)
  2 bullfrogs
  4 scorpions
  2 water moccasin skeletons
  4 killer bees (D:9)
  5 howler monkeys
  4 wights (D:6)
  2 hounds (D:6)
  2 jellies
  3 orc priests (D:6)
  A gnoll shaman (D:7)
  A bullfrog skeleton (D:6)
  6 iguanas
  Ijyb (D:2)
  6 orc wizards
  Natasha (D:3)
  3 killer bee zombies
  2 howler monkey zombies
  7 adders
  5 gnolls (D:7)
  A white imp (D:6)
  An adder zombie (D:5)
  An adder skeleton (D:4)
  3 worms
  21 orcs
  6 ball pythons
  2 bats (D:1)
  6 endoplasms
  5 giant cockroaches
  11 goblins
  8 hobgoblins
  5 quokkas
  3 frilled lizards (D:1)
  12 kobolds
  3 rats
160 creatures vanquished.

Vanquished Creatures (others)
  153 foxfires
  9 fungi (D:9)
  17 plants
179 creatures vanquished.

Grand Total: 339 creatures vanquished

Notes
Turn   | Place    | Note
-------+----------+-------------------------------------------
     0 | D:1      | Doot the Demonspawn Fire Elementalist began the quest for
                  | the Orb.
     0 | D:1      | Reached XP level 1. HP: 13/13 MP: 3/3
   452 | D:1      | Gained mutation: Your touch may inflict minor irresistible
                  | damage on your foes. [demonic ancestry]
   452 | D:1      | Reached XP level 2. HP: 19/19 MP: 0/5
   837 | D:1      | Found Ziuriut's Distillery.
  1707 | D:2      | Reached XP level 3. HP: 24/24 MP: 3/6
  1710 | D:2      | Learned a level 2 spell: Scorch
  1796 | D:2      | Noticed Ijyb
  2254 | D:2      | Found an opulent altar of Gozag.
  2298 | D:2      | Killed Ijyb
  2299 | D:2      | Gained mutation: Your demonic aura sometimes causes spilled
                  | blood to erupt in flames. [demonic ancestry]
  2299 | D:2      | Reached XP level 4. HP: 23/30 MP: 0/8
  2392 | D:3      | Reached skill level 3 in Spellcasting
  2828 | D:4      | Noticed a two-headed ogre
  2868 | D:3      | Noticed Natasha
  2874 | D:3      | Killed Natasha
  2972 | D:3      | Noticed a scorpion
  2989 | D:3      | Killed a scorpion
  2990 | D:3      | Reached XP level 5. HP: 29/35 MP: 0/10
  3076 | D:3      | Found a sparkling altar of Nemelex Xobeh.
  3740 | D:3      | Learned a level 4 spell: Flame Wave
  3798 | D:5      | Entered Level 5 of the Dungeon
  3804 | D:5      | Found Sionyh's Armour Emporium.
  4224 | D:4      | Reached skill level 4 in Spellcasting
  4364 | D:4      | Found a staircase to the Ecumenical Temple.
  4375 | Temple   | Entered the Ecumenical Temple
  4474 | Temple   | Became a worshipper of Cheibriados the Contemplative
  4975 | D:2      | Found a faded altar of an unknown god.
  5339 | D:5      | Noticed a centaur
  5344 | D:5      | Killed a centaur
  5345 | D:5      | Reached XP level 6. HP: 25/41 MP: 7/12
  5695 | D:5      | Noticed Sigmund
  5700 | D:5      | Killed Sigmund
  5701 | D:5      | Reached XP level 7. HP: 47/47 MP: 9/14
  5767 | D:5      | Reached skill level 5 in Spellcasting
  5964 | D:5      | Reached skill level 5 in Fire Magic
  6156 | D:5      | Reached * piety under Cheibriados
  6802 | D:6      | Reached skill level 1 in Invocations
  6917 | D:6      | Gained mutation: Your touch may inflict irresistible damage
                  | on your foes. [demonic ancestry]
  6917 | D:6      | Reached XP level 8. HP: 53/53 MP: 5/16
  7014 | D:6      | Reached skill level 6 in Spellcasting
  7108 | D:6      | Found an ornate altar of the Wu Jian Council.
  7116 | D:6      | Found a broken altar of Ashenzari.
  7144 | D:6      | Reached ** piety under Cheibriados
  7145 | D:6      | Noticed Menkaure
  7151 | D:6      | Killed Menkaure
  8224 | D:6      | Reached skill level 7 in Spellcasting
  8288 | D:6      | Noticed Grinder
  8295 | D:6      | Killed Grinder
  8296 | D:6      | Reached skill level 1 in Short Blades
  8296 | D:6      | Gained mutation: You are partially covered in thin metallic
                  | scales. (AC +2) [demonic ancestry]
  8296 | D:6      | Reached XP level 9. HP: 58/58 MP: 13/19
  8441 | D:7      | Identified the +2 leather armour of the Illusory Deaths
                  | {Str+6}
  8687 | D:7      | Reached skill level 5 in Invocations
  8861 | D:7      | Found a radiant altar of Vehumet.
  8958 | D:7      | Found a stormy altar of Qazlal.
  9071 | D:7      | Found a shadowy altar of Dithmenos.
  9097 | D:8      | Reached *** piety under Cheibriados
  9141 | D:8      | Reached skill level 1 in Shields
  9141 | D:8      | Reached skill level 8 in Spellcasting
  9179 | D:8      | Noticed Gastronok
  9328 | D:9      | Noticed a centaur warrior
 10002 | D:4      | Killed a two-headed ogre
 10003 | D:4      | Reached skill level 1 in Fighting
 10003 | D:4      | Reached skill level 1 in Armour
 10279 | D:8      | Killed from afar by Gastronok

Illustrated notes

Levels and vault maps discovered:
D:1:      dpeg_arrival_rooms_a, layout_basic, serial_shops, shop
D:2:      kennysheep_the_goblin_king, layout_rooms,
          shapermc_ecumenical_altar_totnotflames, basic_altar
D:3:      layout_basic, mainiacjoe_overflow_surrounded_room,
          nemelex_spade_bored_becter, hangedman_glass_teeth, uniq_natasha
D:4:      layout_basic, minmay_temple_entry_nine_rooms
D:5:      layout_gridville, serial_shops, shop, uniq_sigmund
D:6:      layout_gridville, evilmike_ruin_ashenzari,
          mainiacjoe_overflow_alcove_1, minmay_crossroads, uniq_grinder,
          uniq_menkaure
D:7:      layout_rooms, kennysheep_mini_moat, mainiacjoe_overflow_big_doors,
          amcnicky_altar_gilded, serial_bayou_pond_c
D:8:      layout_basic, gammafunk_ghost_hive, uniq_gastronok, uniq_maggie
D:9:      layout_basic, nicolae_ru_great_annihilating_truth, bloody_makhleb,
          mainiacjoe_overflow_24_doors, nicolae_gozag_seed_capital,
          grunt_lair_entry_orc_guard_hut, orc_0_dummy, serial_shops,
          nicolae_stop_n_shop_2
Temple:   cyrus_temple_forest

Skill      XL: |  1  2  3  4  5  6  7  8  9 |
---------------+----------------------------+-----
Fire Magic     | 3 4 5 6 7 |  7.9
Conjurations   | 2 |  2.5
Spellcasting   | 3 4 5 7 8 |  8.8
Stealth        | 2 3 |  3.4
Dodging        | 2 3 |  3.0
Invocations    | 2 4 5 |  5.0
Short Blades   | 1 |  1.1
Shields        | 1 |  1.1
Fighting       | 1 |  1.0
Armour         | 1 |  1.0
Maces & Flails | |  0.5

Action                   |  1- 3 |  4- 6 |  7- 9 || total
-------------------------+-------+-------+-------++-------
Melee: Unarmed           |     2 |       |       ||     2
       Touch             |     1 |     5 |       ||     6
       Dagger            |     1 |    17 |    23 ||    41
       Club              |       |    14 |       ||    14
 Cast: Foxfire           |    56 |    13 |    27 ||    96
       Scorch            |     4 |    47 |   143 ||   194
       Flame Wave        |       |       |     5 ||     5
  Use: Potion            |       |       |     3 ||     3
 Stab: Sleeping          |       |     1 |     1 ||     2
Armor: Robe              |     5 |     8 |     2 ||    15
       Leather armour    |       |       |     7 ||     7
Dodge: Dodged            |    21 |    35 |    99 ||   155
Block: Buckler           |       |     4 |    21 ||    25
